 Dungeon Crawl Stone Soup version 0.29-a0-775-g4d7333d4e2 (webtiles) character file.

Game seed: 3041100757449166779

9319 pokeman the Thaumaturge (level 11, -2/58 HPs)
             Began as a Deep Elf Hedge Wizard on July 1, 2022.
             Was a Follower of Vehumet.
             Slain by a manticore (6 damage)
             ... on level 9 of the Dungeon on July 2, 2022.
             The game lasted 00:30:36 (13083 turns).

pokeman the Thaumaturge (Deep Elf Hedge Wizard)    Turns: 13083, Time: 00:30:37

Health: -2/58      AC:  7    Str:  7    XL:     11   Next: 21%
Magic:  4/31       EV: 16    Int: 27    God:    Vehumet [*.....]
Gold:   434        SH:  0    Dex: 14    Spells: 22/39 levels left

rFire   . . .      SeeInvis .   w - +0 dagger (venom)
rCold   . . .      Faith    .   (no shield)
rNeg    + . .      Spirit   .   J - +1 leather armour of the Untouchables {Fly rN+}
rPois   .          Reflect  .   x - +2 hat {Int+3}
rElec   .          Harm     .   n - +0 cloak
rCorr   .          Rampage  .   (no gloves)
Will    +....                   (no boots)
Stlth   ++........              (no amulet)
HPRegen 0.19/turn               s - +4 ring of evasion
MPRegen 0.22/turn               K - ring of wizardry

@: flying
A: no striking features
a: Renounce Religion


You were on level 9 of the Dungeon.
You worshipped Vehumet.
Vehumet was aware of your devotion.
You visited 2 branches of the dungeon, and saw 10 of its levels.

You collected 434 gold pieces.

Inventory:

Hand Weapons
 w - a +0 dagger of venom (weapon)
 y - a +0 arbalest
Missiles
 C - 2 throwing nets
Armour
 i - a +0 buckler
 n - a +0 cloak (worn)
 x - a +2 hat of intelligence (worn)
 J - the +1 leather armour of the Untouchables (worn) {Fly rN+}
   (You found it on level 8 of the Dungeon)

   rN:        It protects you from negative energy.
   Fly:       It grants you flight.
Jewellery
 s - a +4 ring of evasion (left hand)
 F - a +6 ring of strength
 I - a ring of ice
 K - a ring of wizardry (right hand)
Wands
 a - a wand of iceblast (15)
 H - a wand of quicksilver (6)
 L - a wand of flame (4)
Scrolls
 b - a scroll of blinking {unknown}
 c - 2 scrolls of magic mapping {unknown}
 e - 3 scrolls of noise {unknown}
 f - 17 scrolls of identify {unknown}
 g - 2 scrolls of immolation {unknown}
 j - 7 scrolls of teleportation {unknown}
 k - 3 scrolls of fear {unknown}
 l - a scroll of acquirement {unknown}
 m - 5 scrolls of enchant weapon {unknown}
 o - 2 scrolls of amnesia {unknown}
 p - 2 scrolls of fog {unknown}
 q - a scroll of silence {unknown}
 r - 2 scrolls of enchant armour {unknown}
 u - a scroll of brand weapon {unknown}
 E - a scroll of vulnerability {unknown}
Potions
 d - a potion of magic
 h - 3 potions of degeneration {unknown}
 t - 3 potions of heal wounds {unknown}
 v - a potion of flight {unknown}
 z - a potion of resistance {unknown}
 A - 2 potions of lignification {unknown}
 B - 3 potions of attraction {unknown}
 D - a potion of brilliance {unknown}
 G - 2 potions of haste {unknown}


   Skills:
 + Level 2.3 Fighting
 - Level 4.0 Armour
 - Level 3.1 Dodging
 - Level 3.0 Stealth
 - Level 4.0 Shields
 * Level 14.9 Spellcasting
 + Level 8.7 Conjurations
 - Level 1.1 Summonings
 - Level 1.1 Translocations
 + Level 8.1 Fire Magic
 - Level 1.0 Air Magic
 - Level 1.0 Poison Magic


You had 22 spell levels left.
You knew the following spells:

 Your Spells              Type           Power      Damage    Failure   Level
a - Magic Dart            Conj           100%       1d8       1%          1
b - Mephitic Cloud        Conj/Pois/Air  39%        N/A       1%          3
c - Call Imp              Summ           26%        N/A       1%          2
d - Blink                 Tloc           52%        N/A       1%          2
e - Conjure Flame         Conj/Fire      60%        6-21      1%          3
f - Foxfire               Conj/Fire      100%       2x1d9     1%          1
g - Lightning Bolt        Conj/Air       23%        1d38      6%          5

Your spell library contained the following spells:

 Spells                   Type           Power      Damage    Failure   Level
 Slow                     Hex            80%        N/A       1%          1
 Sublimation of Blood     Necr           20%        N/A       2%          2
 Confusing Touch          Hex            20%        N/A       4%          3
 Ozocubu's Armour         Ice            20%        N/A       4%          3
 Vampiric Draining        Necr           20%        2d7       4%          3
 Irradiate                Conj/Tmut      21%        3d20      7%          5
 Airstrike                Air            12%        0-5+      10%         4
 Summon Lightning Spire   Summ/Air       26%        N/A       10%         4
 Animate Dead             Necr           20%        N/A       16%         4
 Petrify                  Tmut/Erth      20%        N/A       16%         4
 Borgnjor's Vile Clutch   Necr/Erth      10%        N/A       38%         5
 Metabolic Englaciation   Hex/Ice        10%        N/A       38%         5
 Death Channel            Necr           10%        N/A       90%         6
 Simulacrum               Ice/Necr       10%        N/A       90%         6
 Chain Lightning          Conj/Air       23%        3d30      100%        9
 Fire Storm               Conj/Fire      30%        8d8       100%        9
 Shatter                  Erth           10%        3d11*     100%        9


Dungeon Overview and Level Annotations

Branches:
Dungeon (9/15)             Temple (1/1) D:5
   Lair: D:8-11         Orc: D:9-12

Altars:
Ashenzari
Cheibriados
Dithmenos
Elyvilon
Fedhas
Gozag
Hepliaklqana
Kikubaaqudgha
Makhleb
Nemelex Xobeh
Okawaru
Qazlal
Ru
Sif Muna
Trog
Uskayaw
Vehumet
Wu Jian
Xom
Yredelemnul
Zin
The Shining One

Shops:
D:4 *   D:6 ((


Message History

The four-headed hydra bites you. The four-headed hydra bites you!
Casting: Lightning Bolt (dangerous; 6% risk of failure)
Confirm with . or Enter, or press ? or * to list all spells.
Aiming: Lightning Bolt (dangerous; 6% risk of failure)
Press: ? - help, Shift-Dir - straight line You hear a mighty clap of thunder!
The bolt of lightning hits the four-headed hydra!!
You kill the four-headed hydra!
Vehumet accepts your kill.
The bolt of lightning hits the manticore but does no damage.
Your Fire Magic skill increases to level 8!
Casting: Lightning Bolt (dangerous; 6% risk of failure)
Confirm with . or Enter, or press ? or * to list all spells.
Aiming: Mephitic Cloud (safe; 1% risk of failure)
Press: ? - help, Shift-Dir - straight line The ball explodes into a vile cloud!
The stinking cloud engulfs the manticore but does no damage.
You carefully extract the barbed spikes from your body.
The manticore is engulfed in noxious fumes.
Unknown command.
Unknown command.
You completely miss the manticore.
The manticore is engulfed in blazing flames.
The manticore completely misses you. The manticore claws you!
* * * LOW HITPOINT WARNING * * *
The manticore claws you!
* * * LOW HITPOINT WARNING * * *
Unknown command.
Casting: Mephitic Cloud (safe; 1% risk of failure)
Confirm with . or Enter, or press ? or * to list all spells.
Aiming: Lightning Bolt (dangerous; 6% risk of failure)
Press: ? - help, Shift-Dir - straight line You hear a mighty clap of thunder!
The bolt of lightning misses the manticore.
The manticore is engulfed in blazing flames.
The manticore bites you.
* * * LOW HITPOINT WARNING * * *
The manticore claws you but does no damage.
The manticore claws you.
You die...

.##.# #.........###.# .##.#
#.##..###.#...# .##.# #
....#!#.....# .##.#
..####+####..####### ..#.#
##.#.^#^#^.#......... #.#.#
#.##^#.#^##.######## #.#.#
#.#.^#.#^.#.....# #...#
#.##^#.#^##..##.# .)..#
#.#.^#@#^.#..##.# ....#
#.####H####.###.#
....#######..D.☼○.....# #.#
...>##..<......#.#...## #.###
..#.##.........#.###.####.#<#
..#.##..................#.#.#
..#+##......[.##.#.#.##[#.#.#
...............#.....##.# #.#
.....................†#.# #.#


You could see a manticore.

Vanquished Creatures
  A hydra (D:9)
  2 two-headed ogres
  Pikel (D:5)
  A cyclops (D:7)
  An unseen horror (D:9)
  A troll (D:6)
  A hornet (D:8)
  A vampire (D:7)
  3 wyverns
  4 yaks (D:9)
  Grum (D:8)
  A steam dragon (D:9)
  Edmund (D:6)
  An acid dragon (D:9)
  A water moccasin (D:8)
  An orc warrior (D:6)
  A sky beast (D:6)
  4 black bears
  An ice beast (D:5)
  An ogre (D:4)
  2 wolves (D:8)
  5 centaurs
  A lemure (D:5)
  3 phantoms
  A kobold brigand (D:8)
  4 bullfrogs
  Blork the orc (D:4)
  2 scorpions
  2 necrophages
  13 wights
  8 killer bees
  4 howler monkeys
  5 hounds
  A jelly (D:6)
  3 orc priests (D:4)
  An iron imp (D:5)
  7 orc wizards
  5 iguanas
  12 gnolls
  8 adders
  3 shadow imps
  2 white imps
  3 ufetubi
  3 worms
  3 dart slugs
  18 orcs
  7 ball pythons
  6 bats
  7 endoplasms
  3 giant cockroaches (D:1)
  9 goblins
  8 hobgoblins
  3 jackals (D:1)
  2 quokkas
  6 frilled lizards
  13 kobolds
  6 rats
219 creatures vanquished.

Vanquished Creatures (collateral kills)
  A killer bee (D:7)
  An orc priest (D:3)
2 creatures vanquished.

Vanquished Creatures (others)
  4 fungi (D:5)
4 creatures vanquished.

Grand Total: 225 creatures vanquished

Notes
Turn   | Place    | Note
-------+----------+-------------------------------------------
     0 | D:1      | pokeman the Deep Elf Hedge Wizard began the quest for the
                  | Orb.
     0 | D:1      | Reached XP level 1. HP: 10/10 MP: 7/7
   373 | D:1      | Reached XP level 2. HP: 16/16 MP: 4/9
   902 | D:1      | Found a faded altar of an unknown god.
  1047 | D:1      | Reached skill level 5 in Spellcasting
  1202 | D:1      | Reached XP level 3. HP: 12/20 MP: 1/11
  1206 | D:1      | Learned a level 3 spell: Mephitic Cloud
  1209 | D:1      | Learned a level 2 spell: Call Imp
  1212 | D:1      | Learned a level 2 spell: Blink
  1216 | D:1      | Learned a level 3 spell: Conjure Flame
  1720 | D:2      | Reached skill level 1 in Fighting
  2054 | D:2      | Reached skill level 1 in Armour
  2309 | D:2      | Reached XP level 4. HP: 19/25 MP: 5/13
  3790 | D:3      | Reached XP level 5. HP: 26/29 MP: 3/15
  3795 | D:3      | Reached skill level 1 in Shields
  3795 | D:3      | Reached skill level 6 in Spellcasting
  3962 | D:4      | Found Jos Qama's Assorted Antiques.
  4062 | D:4      | Reached skill level 1 in Fire Magic
  4758 | D:4      | Found a transporter.
  4783 | D:4      | Found a transporter.
  4800 | D:4      | Noticed an ogre
  4811 | D:4      | Killed an ogre
  4812 | D:4      | Reached skill level 1 in Air Magic
  4812 | D:4      | Reached skill level 1 in Poison Magic
  4812 | D:4      | Reached XP level 6. HP: 26/34 MP: 0/17
  5025 | D:4      | Noticed Blork the orc
  5033 | D:4      | Found an iron altar of Okawaru.
  5042 | D:4      | Killed Blork the orc
  5043 | D:4      | Reached skill level 7 in Spellcasting
  5651 | D:4      | Reached XP level 7. HP: 38/38 MP: 12/19
  5809 | D:5      | Entered Level 5 of the Dungeon
  5944 | D:5      | Reached skill level 8 in Spellcasting
  6325 | D:5      | Reached XP level 8. HP: 44/44 MP: 4/22
  6491 | D:5      | Noticed Pikel
  6655 | D:5      | Found a staircase to the Ecumenical Temple.
  6669 | D:4      | Reached skill level 9 in Spellcasting
  6681 | Temple   | Entered the Ecumenical Temple
  6880 | D:5      | Killed Pikel
  6881 | D:5      | Reached skill level 5 in Conjurations
  6978 | D:5      | Reached skill level 10 in Spellcasting
  7210 | D:5      | Found a snail-covered altar of Cheibriados.
  7567 | D:6      | Found Seufula's Antique Weapon Boutique.
  7670 | D:6      | Noticed Edmund
  7676 | D:6      | Killed Edmund
  7677 | D:6      | Reached XP level 9. HP: 48/48 MP: 18/25
  7892 | D:6      | Found Betam's Antique Weapon Shop.
  7901 | D:6      | Reached skill level 5 in Fire Magic
  7963 | D:6      | Found a broken altar of Ashenzari.
  7963 | D:6      | Found a shimmering altar of Xom.
  7971 | D:6      | Found a basalt altar of Yredelemnul.
  7973 | D:6      | Found a shimmering blue altar of Sif Muna.
  7975 | D:6      | Found a glowing silver altar of Zin.
  8099 | D:6      | Reached skill level 11 in Spellcasting
  8248 | D:6      | Noticed a troll
  8255 | D:6      | Killed a troll
  8414 | D:6      | Reached skill level 12 in Spellcasting
  8959 | D:7      | Noticed a cyclops
  8982 | D:7      | Killed a cyclops
  8983 | D:7      | Reached XP level 10. HP: 17/53 MP: 23/28
  9947 | D:7      | Reached skill level 13 in Spellcasting
 10515 | D:7      | Found a radiant altar of Vehumet.
 10550 | D:7      | Became a worshipper of Vehumet
 10557 | D:7      | Learned a level 5 spell: Lightning Bolt
 10902 | D:8      | Identified the +1 leather armour of the Untouchables {Fly
                  | rN+}
 11311 | D:8      | Noticed Grum
 11338 | D:8      | Killed Grum
 11552 | D:8      | Noticed a two-headed ogre
 11610 | D:8      | Killed a two-headed ogre
 11611 | D:8      | Reached skill level 14 in Spellcasting
 12150 | D:9      | Noticed a two-headed ogre
 12167 | D:9      | Killed a two-headed ogre
 12168 | D:9      | Reached XP level 11. HP: 57/57 MP: 15/31
 12629 | D:9      | Reached * piety under Vehumet
 12629 | D:9      | Offered knowledge of Foxfire by Vehumet.
 12653 | D:9      | Learned a level 1 spell: Foxfire
 12950 | D:9      | Noticed a white ugly thing
 12952 | D:9      | Noticed a four-headed hydra
 13080 | D:9      | Killed a four-headed hydra
 13083 | D:9      | Slain by a manticore

Illustrated notes

Levels and vault maps discovered:
D:1:      saegor_arrival_simple_d, layout_basic,
          shapermc_ecumenical_altar_acropolis, nrook_mini_vaults,
          minmay_pentomino_t4
D:2:      layout_rooms, grunt_ministairs_4, st_stairs_13
D:3:      layout_rooms
D:4:      gammafunk_wand_slinger, layout_basic, kennysheep_okawaru_gauntlet,
          serial_shops, nicolae_stop_n_shop_1, kennysheep_pointless_box,
          uniq_blork_the_orc
D:5:      layout_cave_pools, slow_altar_2, minmay_temple_entry_butterflies,
          grunt_ministairs_10, dreamdust_gnoll_farm, uniq_pikel
D:6:      minmay_chambers_of_sixes, layout_basic,
          chequers_temple_overflow_minitemple, serial_shops,
          nicolae_shop_advertising_works [nicolae_subvault_shop_adworks],
          shop_fountains, grunt_potential, uniq_edmund
D:7:      layout_layer_cave, overflow_temple_1_default,
          minmay_a_box_with_orc_wizards_in_it
D:8:      layout_basic, uniq_grum
D:9:      layout_basic, grunt_tough_drop
Temple:   compressed_dpeg_circular_temple

Skill      XL: |  1  2  3  4  5  6  7  8  9 10 11 |
---------------+----------------------------------+-----
Spellcasting   | 5 6 7 8 10 12 14 | 14.9
Fighting       | 1 2 |  2.3
Armour         | 1 2 3 4 |  4.0
Conjurations   | 2 3 4 5 7 8 |  8.7
Dodging        | 3 |  3.1
Shields        | 1 3 4 |  4.0
Fire Magic     | 1 3 4 6 7 8 |  8.1
Stealth        | 3 |  3.0
Air Magic      | 1 |  1.0
Poison Magic   | 1 |  1.0
Summonings     | |  1.1
Translocations | |  1.1

Action                   |  1- 3 |  4- 6 |  7- 9 | 10-12 || total
-------------------------+-------+-------+-------+-------++-------
Melee: Dagger            |     9 |    20 |    97 |   120 ||   246
       Punch             |       |       |     2 |       ||     2
 Fire: Arbalest          |       |       |    52 |    22 ||    74
 Cast: Magic Dart        |   122 |   134 |   153 |   107 ||   516
       Conjure Flame     |     2 |     6 |    16 |    30 ||    54
       Mephitic Cloud    |     1 |    11 |    25 |    32 ||    69
       Call Imp          |       |     1 |     2 |     4 ||     7
       Blink             |       |       |     3 |     1 ||     4
       Lightning Bolt    |       |       |       |     6 ||     6
 Stab: Confused          |       |     2 |    10 |     9 ||    21
Armor: Robe              |     5 |     5 |       |       ||    10
       Leather armour    |       |     3 |    33 |    26 ||    62
Dodge: Dodged            |    24 |    24 |   106 |    96 ||   250
Block: Buckler           |       |       |       |     4 ||     4

Table legend: (Time is in decaauts)
 A = Elapsed time spent in this place.
 B = Non-inter-level travel time spent in this place.
 C = Inter-level travel time spent in this place.
 D = Time resting spent in this place.
 E = Time spent auto-exploring this place.
 F = Levels seen in this place.
 G = Mean time per level.
                   A        B        C        D        E       F      G
               +--------+--------+--------+--------+--------+-----+--------+
         Total |  13153 |  12689 |    464 |   1337 |   9234 |  10 | 1315.3 |
       Dungeon |  12991 |  12564 |    427 |   1337 |   9122 |   9 | 1443.4 |
        Temple |    161 |    124 |     37 |      0 |    112 |   1 |  161.0 |
               +--------+--------+--------+--------+--------+-----+--------+

Top non-repeatable levels by time:
     D:4: 2028 daAuts
     D:7: 1659 daAuts
     D:2: 1539 daAuts
     D:6: 1507 daAuts
     D:1: 1487 daAuts
     D:5: 1311 daAuts
     D:8: 1264 daAuts
     D:9: 1257 daAuts
     D:3: 936 daAuts
  Temple: 161 daAuts
